 Dungeon Crawl Stone Soup version 0.26-a0-27-g1f0226971c (webtiles) character file.

Game seed: 17863313144525432286, levelgen mode: deterministic

46219 Lugonue the Fencer (level 14, -17/108 HPs)
             Began as a Demonspawn Venom Mage on May 27, 2020.
             Was the Champion of Okawaru.
             Demolished by a titanic slime creature (57 damage)
             ... on level 2 of the Swamp.
             The game lasted 00:56:25 (22438 turns).

Lugonue the Fencer (Demonspawn Venom Mage)         Turns: 22438, Time: 00:56:26

Health: -17/108    AC: 28    Str: 12    XL:     14   Next: 4%
Magic:  13/13      EV: 12    Int: 16    God:    Okawaru [******]
Gold:   655        SH:  0    Dex: 16    Spells: 11/24 levels left

rFire    + . .     SeeInvis .   I - +3 triple sword (venom)
rCold    . . .     Gourm    .   (shield currently unavailable)
rNeg     + + .     Faith    .   G - +4 scale mail of the True Pharaoh {rF+ rN++ MP-9}
rPois    +         Spirit   .   f - +2 helmet
rElec    .         Reflect  .   Q - scarf {repulsion}
rCorr    .         Harm     .   x - +1 pair of gloves {archery}
MR       +....                  n - +2 pair of boots {run}
Stlth    +.........             R - amulet of magic regeneration
HPRegen  1.28/turn              j - +4 ring of protection
MPRegen  0.38/turn              P - ring of poison resistance

@: repel missiles, quick
A: talons 2, rugged brown scales 2, powered by death 3, spiny 1
a: Heroism, Finesse, Renounce Religion


You were on level 2 of the Swamp.
You worshipped Okawaru.
Okawaru was exalted by your worship.
You were not hungry.

You visited 5 branches of the dungeon, and saw 18 of its levels.
You also visited: Ossuary and Volcano.

You collected 1603 gold pieces.
You spent 948 gold pieces at shops.

Inventory:

Hand Weapons
 y - a +0 scimitar of flaming
 I - a +3 triple sword of venom (weapon)
 N - a +2 scimitar of flaming
Missiles
 p - 44 poisoned darts (quivered)
Armour
 d - a +0 leather armour of poison resistance
 f - a +2 helmet (worn)
 i - a +1 pair of gloves
 n - a +2 pair of boots of running (worn)
 x - a +1 pair of gloves of archery (worn)
 A - a +0 cloak
 G - the +4 scale mail of the True Pharaoh (worn) {rF+ rN++ MP-9}
   (You found it on level 8 of the Dungeon)

   It protects you from fire.
   It greatly protects you from negative energy.
   It affects your magic capacity (-9).
 Q - a scarf of repulsion (worn)
Jewellery
 h - a +6 ring of intelligence
 j - a +4 ring of protection (left hand)
 t - an uncursed ring of magical power
 L - an uncursed ring of ice
 P - a ring of poison resistance (right hand)
 R - an amulet of magic regeneration (around neck)
 T - an uncursed amulet of guardian spirit
 U - an uncursed ring of protection from cold {unknown}
Wands
 b - a wand of enslavement (6)
 r - a wand of digging (14)
 s - a wand of polymorph (9)
 H - a wand of flame (13)
 M - a wand of random effects (24)
 V - a wand of acid (9)
Scrolls
 e - 3 scrolls of enchant weapon
 g - 9 scrolls of remove curse
 m - a scroll of fog
 u - 6 scrolls of teleportation
 w - 6 scrolls of enchant armour
 z - 2 scrolls of identify
 J - a scroll of amnesia
 K - a scroll of fear
 W - a scroll of magic mapping
 X - 2 scrolls of blinking
Potions
 a - 4 potions of lignification
 k - 5 potions of curing
 l - a potion of resistance
 o - 3 potions of mutation
 q - a potion of haste
 v - 2 potions of stabbing
 B - a potion of magic
 C - a potion of cancellation
 D - 5 potions of flight
 E - 2 potions of ambrosia
 F - 3 potions of berserk rage
 O - 2 potions of brilliance
 S - 3 potions of heal wounds
Comestibles
 c - 29 rations


   Skills:
 - Level 7.0 Fighting
 + Level 15.0 Long Blades
 - Level 10.0 Armour
 + Level 5.3 Dodging
 - Level 2.7 Stealth
 - Level 3.4 Unarmed Combat
 - Level 5.7 Spellcasting
 - Level 2.7 Transmutations
 - Level 2.2 Air Magic
 - Level 7.9 Poison Magic


You had 11 spell levels left.
You knew the following spells:

 Your Spells              Type           Power        Failure   Level  Hunger
a - Sting                 Tmut/Pois      ###.         6%          1    None
b - Poisonous Vapours     Pois/Air       ###...       10%         2    #......
c - Olgreb's Toxic Radia  Pois           ####....     21%         4    ####...
d - Ignite Poison         Fire/Tmut/Pois ###.....     36%         3    ##.....
e - Mephitic Cloud        Conj/Pois/Air  ###.....     36%         3    ##.....

Your spell library contained the following spells:

 Spells                   Type           Power        Failure   Level  Hunger
 Fireball                 Conj/Fire      #.........   100%        5    ######.
 Starburst                Conj/Fire      #.........   100%        6    #######
 Ring of Flames           Chrm/Fire      #.........   100%        7    #######
 Ignition                 Fire           #.........   100%        8    #######


Dungeon Overview and Level Annotations

Branches:
Dungeon (10/15)            Temple (1/1) D:5            Lair (3/6) D:8
  Swamp (2/4) Lair:2       Spider (0/4) Lair:3          Orc (2/2) D:10
    Elf (0/3) Orc:2       Ossuary (visited)         Volcano (visited)

Altars:
Cheibriados
Dithmenos
Fedhas
Hepliaklqana
Nemelex Xobeh
Okawaru
Trog
Xom
Yredelemnul
Zin
The Shining One
Beogh

Shops:
D:5 %   D:9 =   D:10 }   Orc:1 !:??*   Orc:2 *=*[(

Annotations:
Lair:1 exclusion: 2 oklob plants


Innate Abilities, Weirdness & Mutations

You have razor-sharp toenails.
You are mostly covered in rugged brown scales. (AC +2, +5% HP)
You regenerate a lot of health from kills.
You are partially covered in sharp spines.


Message History

You slash the bog body!
You destroy the bog body!
Okawaru accepts your kill. The blink frog barely misses you.
A slime creature comes into view.
The slime creature hits you but does no damage.
The titanic slime creature misses you.
The blink frog blinks!
You barely miss the titanic slime creature.
The titanic slime creature is lightly wounded.
The slime creature quivers.
The blink frog blinks!
The slime creature hits you but does no damage.
The titanic slime creature is struck by your spines.
The titanic slime creature hits you!!
You slice the slime creature!!
The slime creature is moderately wounded.
The slime creature hits you! The slime creature hits you.
The titanic slime creature hits you!!!
Ouch! That really hurt!
You die...

♣≈......≈♣
♣♣♣.....
♣♣♣♣....≈≈..♣♣
♣♣..♣♣
♣≈<♣.≈≈≈≈≈≈..♣
♣...♣
♣♣.≈≈≈≈≈≈≈≈F♣♣
♣♣...♣
♣♣♣♣♣...≈.≈♣♣♣♣♣♣♣
♣≈♣♣♣♣
♣≈..≈.....♣≈....
♣♣♣
♣≈≈≈≈≈≈....≈≈≈≈≈
♣..≈≈≈≈...§.≈≈≈≈
♣...≈≈≈@J...≈≈≈.
...≈≈.JJJJ≈≈≈≈≈.
≈≈≈≈≈≈≈.§≈≈≈≈≈≈.
.≈≈≈≈≈≈≈J≈≈≈≈≈≈.
♣≈≈≈%≈.≈≈≈≈≈≈≈≈♣
.≈≈♣....≈J....≈♣
.≈.≈≈≈..≈≈≈...♣♣
♣♣≈.≈≈≈≈≈≈≈...≈
♣♣♣......§..≈≈


You could see a titanic slime creature, 6 slime creatures and a blink frog
(strong).

Vanquished Creatures
  2 orc warlords
  Nessos (Orc:2)
  An ettin (D:10)
  Erolcha (D:10)
  Fannar (Lair:1)
  Harold (D:8)
  A hydra (Lair:2)
  2 two-headed ogres
  3 alligators
  Erica (Lair:1)
  A death knight (D:10)
  3 orc high priests (Orc:2)
  A spriggan (Swamp:2)
  Sonja (Lair:3)
  A skeletal warrior (D:10)
  A spriggan druid (Swamp:2)
  A phantasmal warrior (D:10)
  Pikel (D:4)
  A swamp dragon (Swamp:1)
  3 orc knights (Orc:2)
  5 orc sorcerers (Orc:2)
  A black mamba (Lair:3)
  2 gargoyles (Volcano)
  7 spiny frogs
  An efreet (Volcano)
  A rime drake (Lair:1)
  A komodo dragon (Lair:3)
  4 trolls
  3 tyrant leeches (Swamp:1)
  A hornet (Swamp:2)
  10 slime creatures
  3 bog bodies
  A hippogriff (Lair:3)
  2 shadows
  A wraith (D:10)
  A fire elemental (Volcano)
  Eustachio (D:4)
  19 yaks
  Grum (D:8)
  Menkaure (D:5)
  8 insubstantial wisps (Swamp:1)
  4 wargs (Orc:1)
  2 swamp worms
  3 porcupines
  Duvessa (D:4)
  9 water moccasins
  2 swamp drakes (Swamp:1)
  2 black bears
  42 orc warriors
  4 sky beasts
  An eye of draining (D:9)
  3 phantoms
  10 ogres
  7 wolves
  3 ice beasts
  4 centaurs
  4 crocodiles
  Blork the orc (D:4)
  2 big kobolds (D:8)
  An elf zombie (D:8)
  7 bullfrogs
  An elf skeleton (D:8)
  Dowan (D:4)
  A water moccasin skeleton (D:9)
  3 scorpions
  4 killer bees (D:8)
  9 electric eels
  4 howler monkeys
  3 wights (D:10)
  2 bullfrog zombies
  A centaur zombie (Ossuary)
  5 crimson imps
  3 human zombies (Ossuary)
  2 bullfrog skeletons (D:8)
  3 centaur skeletons
  2 hounds
  2 jellies
  25 orc wizards
  22 orc priests
  2 iguanas
  Ijyb (D:5)
  3 human skeletons (D:8)
  10 worker ants
  7 hell rats (Lair:3)
  2 big kobold zombies (Ossuary)
  5 mummies (Ossuary)
  A howler monkey zombie (D:5)
  Robin (D:2)
  A howler monkey skeleton (D:4)
  14 adders
  A shadow imp (D:9)
  An ooze (D:3)
  An adder zombie (D:6)
  An adder skeleton (D:6)
  A worm (D:2)
  4 dart slugs
  5 leopard geckos
  92 orcs
  2 ball pythons
  A giant cockroach (D:2)
  11 goblins
  9 hobgoblins
  8 jackals (D:6)
  5 quokkas
  9 bats
  6 frilled lizards
  A hobgoblin zombie (Ossuary)
  10 kobolds
  An orc skeleton (D:8)
  An orc zombie (Ossuary)
  7 rats
  A bush (Lair:1)
532 creatures vanquished.

Vanquished Creatures (others)
  An orc wizard (Orc:2)
  A fungus (D:8)
  3 plants
5 creatures vanquished.

Grand Total: 537 creatures vanquished

Notes
Turn   | Place    | Note
-------+----------+-------------------------------------------
     0 | D:1      | Lugonue the Demonspawn Venom Mage began the quest for the
                  | Orb.
     0 | D:1      | Reached XP level 1. HP: 13/13 MP: 3/3
   540 | D:1      | Reached skill level 1 in Transmutations
  1125 | D:2      | Gained mutation: You regenerate a little health from kills.
                  | [demonic ancestry]
  1125 | D:2      | Reached XP level 2. HP: 19/19 MP: 3/5
  1323 | D:2      | Learned a level 2 spell: Poisonous Vapours
  1739 | D:2      | Reached XP level 3. HP: 24/25 MP: 0/6
  2552 | D:2      | Reached skill level 1 in Fighting
  2552 | D:2      | Reached skill level 1 in Unarmed Combat
  2606 | D:2      | Noticed Robin
  2645 | D:2      | Killed Robin
  2645 | D:2      | Gained mutation: You have sharp toenails. [demonic
                  | ancestry]
  2645 | D:2      | Reached XP level 4. HP: 17/32 MP: 1/7
  3259 | D:3      | Found a hazy altar of Hepliaklqana.
  3679 | D:3      | Gained mutation: You regenerate health from kills. [demonic
                  | ancestry]
  3679 | D:3      | Reached XP level 5. HP: 33/37 MP: 8/8
  4126 | D:4      | Noticed Blork the orc
  4151 | D:4      | Killed Blork the orc
  4175 | D:4      | Gained mutation: You have razor-sharp toenails. [demonic
                  | ancestry]
  4175 | D:4      | Reached XP level 6. HP: 30/44 MP: 0/9
  4266 | D:4      | Noticed Duvessa
  4266 | D:4      | Noticed Dowan
  4302 | D:3      | Learned a level 4 spell: Olgreb's Toxic Radiance
  4450 | D:4      | Killed Duvessa
  4450 | D:4      | Reached skill level 1 in Armour
  4450 | D:4      | Reached skill level 1 in Air Magic
  4701 | D:4      | Killed Dowan
  4722 | D:5      | Entered Level 5 of the Dungeon
  4722 | D:5      | Noticed Menkaure
  4771 | D:4      | Gained mutation: You are partially covered in rugged brown
                  | scales. (AC +1, +3% HP) [demonic ancestry]
  4771 | D:4      | Reached XP level 7. HP: 13/52 MP: 11/11
  5051 | D:4      | Noticed Pikel
  5814 | D:4      | Noticed Eustachio
  5821 | D:4      | Killed Eustachio
  5961 | D:4      | Killed Pikel
  5961 | D:4      | Reached XP level 8. HP: 41/61 MP: 3/14
  6350 | D:5      | Learned a level 3 spell: Ignite Poison
  6493 | D:5      | Found a staircase to the Ecumenical Temple.
  6507 | Temple   | Entered the Ecumenical Temple
  6512 | Temple   | Became a worshipper of Warmaster Okawaru
  6526 | D:5      | Reached skill level 5 in Poison Magic
  6565 | D:5      | Reached skill level 1 in Long Blades
  6660 | D:5      | Killed Menkaure
  6660 | D:5      | Reached skill level 2 in Long Blades
  6779 | D:5      | Found Gipp's Food Shoppe.
  6793 | D:5      | Noticed Ijyb
  6806 | D:5      | Killed Ijyb
  7010 | D:6      | Reached skill level 3 in Long Blades
  7022 | D:6      | Reached XP level 9. HP: 65/67 MP: 3/15
  7186 | D:6      | Reached * piety under Okawaru
  7280 | D:6      | Reached skill level 4 in Long Blades
  8211 | D:7      | Learned a level 3 spell: Mephitic Cloud
  8287 | D:7      | Reached skill level 5 in Long Blades
  8849 | D:7      | Reached skill level 6 in Long Blades
  9514 | D:8      | Reached ** piety under Okawaru
  9535 | D:8      | Reached skill level 7 in Long Blades
  9538 | D:8      | Reached XP level 10. HP: 61/75 MP: 1/16
  9647 | D:8      | Found a staircase to the Lair.
  9679 | D:8      | Noticed Grum
 10014 | D:8      | Killed Grum
 10055 | D:8      | Found a sand-covered staircase.
 10064 | Ossuary  | Entered an ossuary
 10500 | D:8      | Reached *** piety under Okawaru
 10520 | D:8      | Reached skill level 8 in Long Blades
 10684 | D:8      | Got a ruby-encrusted scale mail
 10695 | D:8      | Identified the +4 scale mail of the True Pharaoh {rF+ rN++
                  | MP-9} (You found it on level 8 of the Dungeon)
 10849 | D:8      | Noticed Harold
 10881 | D:8      | Killed Harold
 10929 | D:8      | Reached skill level 5 in Armour
 11201 | D:8      | Reached **** piety under Okawaru
 12856 | D:9      | Found Cazirat's Jewellery Shoppe.
 12864 | D:9      | Bought an uncursed ring of magical power for 280 gold
                  | pieces
 13151 | D:10     | Entered Level 10 of the Dungeon
 13167 | D:10     | Identified a scroll of acquirement
 13251 | D:10     | Found a staircase to the Orcish Mines.
 13318 | D:10     | Gained mutation: You are partially covered in sharp spines.
                  | [demonic ancestry]
 13318 | D:10     | Reached XP level 11. HP: 71/80 MP: 17/17
 13675 | D:10     | Noticed a death knight
 13676 | D:10     | Noticed a skeletal warrior
 13676 | D:10     | Noticed a phantasmal warrior
 14068 | D:10     | Noticed a two-headed ogre
 14074 | D:10     | Killed a two-headed ogre
 14121 | D:10     | Reached ***** piety under Okawaru
 14121 | D:10     | Reached skill level 9 in Long Blades
 14128 | D:10     | Noticed Erolcha
 14137 | D:10     | Paralysed by Erolcha for 7 turns
 14147 | D:10     | Killed Erolcha
 14147 | D:10     | Received a gift from Okawaru
 14205 | D:10     | Found Deissium's Gadget Shoppe.
 14394 | D:10     | Killed a phantasmal warrior
 14605 | D:10     | Killed a death knight
 14605 | D:10     | Reached skill level 10 in Long Blades
 14611 | D:10     | Killed a skeletal warrior
 14905 | Orc:1    | Entered Level 1 of the Orcish Mines
 14905 | Orc:1    | Noticed a two-headed ogre
 14908 | Orc:1    | Killed a two-headed ogre
 14918 | Orc:1    | Noticed an ettin
 14938 | D:10     | Killed an ettin
 14938 | D:10     | Reached skill level 11 in Long Blades
 15110 | Orc:1    | Found Quyf's Book Shop.
 15149 | Orc:1    | Gained mutation: You are mostly covered in rugged brown
                  | scales. (AC +2, +5% HP) [demonic ancestry]
 15149 | Orc:1    | Reached XP level 12. HP: 47/88 MP: 18/18
 15153 | Orc:1    | Found a roughly hewn altar of Beogh.
 15275 | Orc:1    | Found Egaluzae's Magic Scroll Emporium.
 15283 | Orc:1    | Reached ****** piety under Okawaru
 15284 | Orc:1    | Noticed an orc warlord
 15298 | Orc:1    | Killed an orc warlord
 15298 | Orc:1    | Received a gift from Okawaru
 15403 | Orc:1    | Bought a scroll of enchant weapon for 90 gold pieces
 15441 | Orc:1    | Found Ojific's Distillery.
 15454 | Orc:1    | Bought a potion of haste for 120 gold pieces
 15454 | Orc:1    | Bought a potion of heal wounds for 60 gold pieces
 15522 | Orc:1    | Found Tuarch's Magic Scroll Shop.
 15525 | Orc:1    | Bought a scroll of fear for 42 gold pieces
 15525 | Orc:1    | Bought a scroll of teleportation for 36 gold pieces
 15525 | Orc:1    | Bought a scroll of teleportation for 36 gold pieces
 15533 | Orc:1    | Found Xoocre's Assorted Antiques.
 15540 | Orc:1    | Bought a pair of runed boots for 202 gold pieces
 15545 | Orc:1    | Identified a +2 pair of boots of running (You bought it in
                  | a shop on level 1 of the Orcish Mines)
 15682 | Orc:2    | Entered Level 2 of the Orcish Mines
 15720 | Orc:2    | Reached skill level 12 in Long Blades
 15944 | Orc:2    | Noticed an orc high priest
 15957 | Orc:2    | Killed an orc high priest
 15962 | Orc:2    | Noticed an orc high priest
 15965 | Orc:2    | Noticed an orc high priest
 15970 | Orc:2    | Noticed an orc warlord
 16017 | Orc:2    | Killed an orc high priest
 16028 | Orc:2    | Found Tustaf's General Store.
 16151 | Orc:2    | Found a staircase to the Elven Halls.
 16291 | Orc:2    | Killed an orc high priest
 16315 | Orc:2    | Received a gift from Okawaru
 16342 | Orc:2    | Reached skill level 5 in Fighting
 16342 | Orc:2    | Reached skill level 13 in Long Blades
 16342 | Orc:2    | Reached skill level 5 in Spellcasting
 16515 | Orc:2    | Killed an orc warlord
 16515 | Orc:2    | Received a gift from Okawaru
 16558 | Orc:2    | Paralysed by an orc sorcerer for 5 turns
 16560 | Orc:2    | Gained mutation: You regenerate a lot of health from kills.
                  | [demonic ancestry]
 16560 | Orc:2    | Reached XP level 13. HP: 78/96 MP: 9/21
 16712 | Orc:2    | Found Yliwif's General Store.
 16713 | Orc:2    | Found Ytiryfropy's Jewellery Boutique.
 16715 | Orc:2    | Found Dygoab's Antique Armour Boutique.
 16715 | Orc:2    | Found Dofu's Antique Weapon Shop.
 16738 | Orc:2    | Bought a scroll of enchant armour for 82 gold pieces
 16829 | Orc:2    | Noticed Nessos
 17257 | Orc:2    | Killed Nessos
 17446 | Lair:1   | Entered Level 1 of the Lair of Beasts
 17570 | Lair:1   | Noticed Fannar
 17579 | Lair:1   | Killed Fannar
 18304 | Lair:1   | Noticed Erica
 18316 | Lair:1   | Killed Erica
 18894 | Lair:2   | Found a staircase to the Swamp.
 18917 | Lair:2   | Received a gift from Okawaru
 19563 | Lair:3   | Found a dark tunnel.
 19572 | Volcano  | Entered a volcano
 20148 | Lair:3   | Reached skill level 10 in Armour
 20151 | Lair:3   | Reached skill level 14 in Long Blades
 20318 | Lair:3   | Noticed Sonja
 20323 | Lair:3   | Killed Sonja
 20850 | Lair:3   | Found a hole to the Spider Nest.
 21062 | Swamp:1  | Entered Level 1 of the Swamp
 21191 | Swamp:1  | Reached skill level 5 in Dodging
 22434 | Swamp:2  | Reached skill level 15 in Long Blades
 22434 | Swamp:2  | Reached XP level 14. HP: 74/108 MP: 13/22
 22438 | Swamp:2  | Demolished by a titanic slime creature

Illustrated notes

Levels and vault maps discovered:
D:1:      dpeg_arrival_renting, layout_loops_ring
D:2:      layout_basic, first_ration, hangedman_decor_diamond_cutter, uniq_robin
D:3:      layout_basic, overflow_temple_1_default
D:4:      layout_basic, uniq_blork_the_orc, uniq_duvessa, uniq_pikel,
          uniq_eustachio
D:5:      layout_basic, minmay_temple_entry_junction_2, serial_shops,
          nicolae_shop_stone, uniq_menkaure, uniq_ijyb
D:6:      layout_basic
D:7:      layout_loops_corners, chequers_big_river
D:8:      layout_basic, grunt_lair_entry_orc_guard_hut,
          nicolae_ossuary_entry_catacombs, serial_bayou, serial_bayou_shore_b,
          serial_bayou_pond_d, serial_bayou_pond_e, serial_bayou_pond_b,
          serial_bayou_ford_a, serial_bayou_pond_a, blue_anna_alchemist
          [blue_anna_fruit_fields, blue_anna_fruit_fields], uniq_grum,
          uniq_harold
D:9:      layout_irregular_city, serial_shops, nicolae_shop_trees
D:10:     layout_irregular_city, david_orc_1_choice, serial_shops, shop,
          serial_bayou_crossing, uniq_erolcha
Temple:   compressed_dpeg_triangle_lava_temple
Lair:1:   layout_roguey, grunt_megastairs_3, minmay_lair_oklob_chamber,
          uniq_erica, uniq_fannar
Lair:2:   layout_concentric_octagons, skrybe_swamp_entry_bodies,
          chequers_serial_rivers_micro_c, serial_bayou_shore_a,
          infiniplex_staircase_pool_2, lemuel_fruit_fields
Lair:3:   layout_hall_layers, spider_nest_entry_web_field,
          nicolae_volcano_entry_hallway, lemuel_fruit_tree, uniq_sonja
Swamp:1:  layout_basic_swamp, nicolae_swamp_dense_foliage
Swamp:2:  layout_basic_swamp, nicolae_swamp_feature_on_the_river_bank,
          swamp_pool1
Orc:1:    layout_caves, basic_altar, serial_shops, shop,
          nicolae_shop_overgrown_old_shop, nicolae_shop_behind_doors, shop,
          nicolae_shop_behind_doors
Orc:2:    st_orc_congregation, layout_caves, serial_shops, shop, uniq_nessos

Skill      XL: |  1  2  3  4  5  6  7  8  9 10 11 12 13 |
---------------+----------------------------------------+-----
Transmutations | 1 2 |  2.7
Dodging        | 2 3 5 |  5.3
Fighting       | 1 2 4 5 7 |  7.0
Unarmed Combat | 1 2 3 |  3.4
Stealth        | 2 |  2.7
Armour         | 1 2 7 8 9 10 | 10.0
Air Magic      | 1 2 |  2.2
Spellcasting   | 3 4 5 |  5.7
Poison Magic   | 4 5 7 |  7.9
Long Blades    | 3 7 8 11 13 15 | 15.0

Action                   |  1- 3 |  4- 6 |  7- 9 | 10-12 | 13-15 || total
-------------------------+-------+-------+-------+-------+-------++-------
Melee: Unarmed           |   123 |   159 |    65 |       |       ||   347
       Kick              |       |    46 |    94 |   196 |       ||   336
       Punch             |       |     2 |     7 |     4 |     3 ||    16
       Falchion          |       |       |   178 |       |       ||   178
       Long sword        |       |       |    62 |   389 |       ||   451
       Triple sword      |       |       |       |   315 |   249 ||   564
       Scimitar          |       |       |       |       |    34 ||    34
 Cast: Sting             |    39 |    10 |    30 |    11 |       ||    90
       Poisonous Vapours |     5 |    24 |    22 |    24 |     3 ||    78
       Ignite Poison     |       |       |     9 |    12 |     3 ||    24
       Olgreb's Toxic Ra |       |       |    12 |    18 |     2 ||    32
       Mephitic Cloud    |       |       |     1 |    11 |     5 ||    17
Invok: Heroism           |       |       |       |       |    10 ||    10
Evoke: Wand              |       |       |       |     1 |     5 ||     6
  Use: Potion            |     1 |       |     1 |     6 |     5 ||    13
       Scroll            |       |     8 |     3 |    16 |    10 ||    37
 Stab: Sleeping          |     2 |     4 |     3 |     2 |       ||    11
       Distracted        |     1 |       |       |       |       ||     1
       Confused          |       |       |       |    12 |     6 ||    18
       Invisible         |       |       |       |     1 |       ||     1
  Eat: Chunk             |     6 |     9 |    11 |    19 |     9 ||    54
       Ration            |       |       |     2 |     4 |     3 ||     9
Armor: Robe              |    42 |     4 |       |       |       ||    46
       Leather armour    |       |    52 |   140 |    60 |       ||   252
       Scale mail        |       |       |       |   345 |   202 ||   547
Dodge: Dodged            |    94 |    85 |   223 |   388 |   203 ||   993
       Repelled          |       |       |       |       |     6 ||     6
       Rpst.: Falchion   |       |       |    37 |       |       ||    37
       Long sword        |       |       |    15 |    55 |       ||    70
       Triple sword      |       |       |       |    56 |    42 ||    98
       Scimitar          |       |       |       |       |     5 ||     5

Table legend:
 A = Non-vault XP
 B = Vault XP
 C = Vault XP percentage of total XP
 D = Non-vault monster count
 E = Vault monster count
 F = Vault count percentage of total count
                 A         B        C        D         E       F
            +---------+---------+-------+---------+---------+-------
      Total |   42259 |   23769 |  36.0 |     400 |     132 |  24.8
            +---------+---------+-------+---------+---------+-------
        D:1 |      10 |       0 |   0.0 |       7 |       0 |   0.0
        D:2 |      80 |      26 |  24.5 |      25 |       7 |  21.9
        D:3 |      99 |       0 |   0.0 |      28 |       0 |   0.0
        D:4 |     595 |    1190 |  66.7 |      24 |       5 |  17.2
        D:5 |     315 |     211 |  40.1 |      10 |       2 |  16.7
        D:6 |     855 |       0 |   0.0 |      26 |       0 |   0.0
        D:7 |    1305 |       0 |   0.0 |      22 |       0 |   0.0
        D:8 |    1906 |    2352 |  55.2 |      42 |      18 |  30.0
        D:9 |    1398 |       0 |   0.0 |      18 |       0 |   0.0
       D:10 |    6992 |    1609 |  18.7 |      33 |      10 |  23.3
     Lair:1 |    2382 |    2785 |  53.9 |      15 |       5 |  25.0
     Lair:2 |    1570 |     519 |  24.8 |       6 |       2 |  25.0
     Lair:3 |    4349 |     807 |  15.7 |      25 |       1 |   3.8
    Swamp:1 |    8088 |       0 |   0.0 |      27 |       0 |   0.0
    Swamp:2 |    4177 |       0 |   0.0 |      11 |       0 |   0.0
      Orc:1 |    6127 |       0 |   0.0 |      58 |       0 |   0.0
      Orc:2 |    2011 |   12490 |  86.1 |      23 |      65 |  73.9
    Ossuary |       0 |     325 | 100.0 |       0 |      13 | 100.0
    Volcano |       0 |    1455 | 100.0 |       0 |       4 | 100.0
            +---------+---------+-------+---------+---------+-------
